 Dungeon Crawl Stone Soup version 0.31-a0-259-g771a54ca4b (webtiles) character file.

Game seed: 10911666934287490081

161 qw the Shooter (level 5, -9/41 HPs)
             Began as a Minotaur Hexslinger on July 13, 2023.
             Mangled by an ogre
             ... wielding a +0 giant club
              (12 damage)
             ... on level 4 of the Dungeon.
             The game lasted 00:00:39 (1959 turns).

qw the Shooter (Minotaur Hexslinger)                Turns: 1959, Time: 00:00:40

Health: -9/41      AC:  5    Str: 13    XL:     5   Next: 18%
Magic:  5/5        EV: 11    Int: 10    God:
Gold:   150        SH:  0    Dex: 14    Spells: 5/6 levels left

rFire   . . .        Y - +1 sling
rCold   . . .        (no shield)
rNeg    . . .        i - +0 ring mail
rPois   .            (helmet restricted)
rElec   .            (no cloak)
rCorr   .            (no gloves)
SInv    .            (no boots)
Will    .....        (no amulet)
Stlth   +            (no ring)
HPRegen 0.26/turn    (no ring)
MPRegen 0.09/turn

%: no passive effects
@: no status effects
A: horns 2, retaliatory headbutt
a: no special abilities


You were on level 4 of the Dungeon.
You visited 1 branch of the dungeon, and saw 4 of its levels.

You collected 150 gold pieces.


Innate Abilities, Weirdness & Mutations

You have a pair of horns on your head.
You reflexively headbutt those who attack you in melee.


   Skills:
 + Level 2.0 Fighting
 - Level 5.6 Ranged Weapons
 - Level 1.1 Armour
 - Level 2.1 Dodging
 - Level 1.0 Spellcasting
 - Level 2.0 Hexes


You had 5 spell levels left.
You knew the following spells:

 Your Spells              Type           Power      Damage    Failure   Level
a - Slow                  Hex            16%        N/A       32%         1

Your spell library contained the following spells:

 Spells                   Type           Power      Damage    Failure   Level
 Inner Flame              Hex/Fire       2%         N/A       82%         3
 Portal Projectile        Hex/Tloc       4%         N/A       82%         3
 Cause Fear               Hex            2%         N/A       97%         4

Inventory:

Hand Weapons
 Y - a +1 sling (weapon)
Armour
 g - a scarf of shadows
 i - a +0 ring mail (worn)
Scrolls
 a - a scroll of identify
 j - 2 scrolls of teleportation {unknown}
 k - a scroll of enchant armour
Potions
 b - a potion of enlightenment
 c - 2 potions of lignification {unknown}
 d - a potion of haste
 e - a potion of curing {unknown}
 f - a potion of brilliance {unknown}
 h - a potion of heal wounds {unknown}
 l - a potion of mutation {unknown}

Dungeon Overview and Level Annotations

Branches:
Dungeon (4/15)
 Temple: D:4-7

Altars:
Ashenzari
Kikubaaqudgha


Message History

You shoot a sling bullet. The sling bullet hits the goblin.
You kill the goblin!
j - 2 scrolls labelled AWITSE SUSAI (gained 1)
You now have 150 gold pieces (gained 11).
An ogre comes into view. It is wielding a +0 giant club.
Found a white potion.
The ogre shouts!
Enter note:
Enter note: You shoot a sling bullet.
The sling bullet barely misses the ogre.
You shoot a sling bullet. The sling bullet hits the ogre.
The ogre is lightly wounded.
An orc comes into view. It is wielding a +0 whip.
You shoot a sling bullet. The orc shouts!
The sling bullet hits the ogre.
The ogre is lightly wounded.
You shoot a sling bullet. The sling bullet hits the ogre.
The ogre is heavily wounded.
You shoot a sling bullet. The sling bullet hits the ogre.
The ogre is heavily wounded.
The ogre barely misses you. You furiously retaliate!
You headbutt the ogre. You shoot a sling bullet.
The sling bullet barely misses the ogre.
The ogre hits you with a +0 giant club!
You shoot a sling bullet. The sling bullet hits the ogre.
The ogre is almost dead.
The ogre barely misses you.
You shoot a sling bullet.
The sling bullet completely misses the ogre.
You shoot a sling bullet.
The sling bullet hits the ogre but does no damage.
The ogre is almost dead.
The ogre hits you with a +0 giant club!!
Ouch! That really hurt!
You shoot a sling bullet.
The sling bullet barely misses the ogre.
The ogre hits you with a +0 giant club!
You die...

#....#..!...
#....#.....
#....#....#
#....#..$.#
#....#....#
#.........
#......O#
###.....o@#..
+....#....#.#
###.........#
######.PPPPPPP.#
#...............#
....)...P.PPP.P.#
........P.....P.#
........P.._..P.#
.######.P.....P.#


You could see an ogre and an orc.

Vanquished Creatures
  A phantom (D:4)
  A hound (D:4)
  An adder (D:2)
  2 dart slugs
  4 orcs (D:3)
  2 endoplasms
  2 giant cockroaches (D:1)
  5 goblins
  2 hobgoblins
  2 jackals (D:1)
  A kobold (D:1)
  5 quokkas
  6 ball pythons
  3 frilled lizards
  4 rats
41 creatures vanquished.

Notes
Turn   | Place    | Note
-------+----------+-------------------------------------------
     0 | D:1      | qw the Minotaur Hexslinger began the quest for the Orb.
     0 | D:1      | Reached XP level 1. HP: 16/16 MP: 1/1
     0 | D:1      | 0 ||| qw: Version: 0.3-a-52-g30416fa
     0 | D:1      | 0 ||| qw: Game counter: 6883
     0 | D:1      | 0 ||| qw: Melee chars always use a shield: true
     0 | D:1      | 0 ||| qw: God list: Okawaru
     0 | D:1      | 0 ||| qw: Allow faded altars: false
     0 | D:1      | 0 ||| qw: Do Orc after clearing Dungeon:15 true
     0 | D:1      | 0 ||| qw: Do second Lair branch before Depths: true
     0 | D:1      | 0 ||| qw: Lair rune preference: random
     0 | D:1      | 0 ||| qw: Goals: Normal
     0 | D:1      | 0 ||| PLANNING D:1-11
   465 | D:1      | Reached skill level 3 in Ranged Weapons
   465 | D:1      | Reached XP level 2. HP: 23/23 MP: 2/2
   636 | D:1      | 636 ||| UPGRADING to +0 ring mail.
   646 | D:1      | 646 ||| DROPPING +0 robe.
   647 | D:1      | 647 ||| READING 3 scrolls labelled DAISEOCUMOL.
   648 | D:1      | 648 ||| READING scroll labelled MUGIPI WERIUC.
   649 | D:1      | 649 ||| READING scroll labelled SOOWNA LIRROGH.
   650 | D:1      | 650 ||| READING scroll labelled UBLAQI HEHEO.
   651 | D:1      | 651 ||| READING 2 scrolls of identify.
   651 | D:1      | 651 ||| IDENTIFYING smoky blue potion
   652 | D:1      | 652 ||| DROPPING scroll of poison.
   679 | D:2      | Reached XP level 3. HP: 29/29 MP: 3/3
   725 | D:2      | Found a broken altar of Ashenzari.
   777 | D:2      | Found a faded altar of an unknown god.
  1169 | D:2      | 1169 ||| DRINKING 2 murky brown potions.
  1265 | D:3      | Reached skill level 4 in Ranged Weapons
  1335 | D:3      | Reached skill level 1 in Armour
  1586 | D:3      | 1586 ||| DROPPING ring of magical power.
  1587 | D:3      | 1587 ||| READING scroll labelled HIGEROLE ELUKY.
  1779 | D:4      | Reached XP level 4. HP: 31/36 MP: 4/4
  1806 | D:4      | Found an ancient bone altar of Kikubaaqudgha.
  1812 | D:4      | Noticed a phantom
  1825 | D:4      | Killed a phantom
  1826 | D:4      | Reached skill level 5 in Ranged Weapons
  1826 | D:4      | Reached XP level 5. HP: 13/41 MP: 5/5
  1949 | D:4      | Noticed an ogre
  1958 | D:4      | HP: 2/41 [ogre/+0 giant club (26)]
  1959 | D:4      | Mangled by an ogre

Levels and vault maps discovered:
D:1:      dpeg_arrival_rooms_c, layout_basic
D:2:      layout_rooms, basic_altar, shapermc_ecumenical_altar_ellora,
          minmay_tree_intersection
D:3:      layout_rooms, kennysheep_doodads
D:4:      layout_basic, mainiacjoe_overflow_cross_hatched, serial_shops, shop,
          serial_curves, eino_curves_01, eino_curves_04

Skill      XL: |  1  2  3  4 |
---------------+-------------+-----
Ranged Weapons | 3 4 5 |  5.6
Fighting       | 2 |  2.0
Armour         | 1 |  1.1
Dodging        | |  2.1
Spellcasting   | |  1.0
Hexes          | |  2.0

Action                     |  1- 3 |  4- 6 || total
---------------------------+-------+-------++-------
   Fire: Sling             |   115 |    24 ||   139
    Use: Scroll            |     6 |       ||     6
         Potion            |     1 |       ||     1
 Armour: Robe              |     2 |       ||     2
         Ring mail         |     8 |       ||     8
  Dodge: Dodged            |    21 |     3 ||    24

Table legend:
 A = Non-vault XP
 B = Vault XP
 C = Vault XP percentage of total XP
 D = Non-vault monster count
 E = Vault monster count
 F = Vault count percentage of total count
                 A         B        C        D         E       F
            +---------+---------+-------+---------+---------+-------
      Total |     230 |       0 |   0.0 |      41 |       0 |   0.0
            +---------+---------+-------+---------+---------+-------
        D:1 |      24 |       0 |   0.0 |      13 |       0 |   0.0
        D:2 |      30 |       0 |   0.0 |      12 |       0 |   0.0
        D:3 |      28 |       0 |   0.0 |      13 |       0 |   0.0
        D:4 |     148 |       0 |   0.0 |       3 |       0 |   0.0
            +---------+---------+-------+---------+---------+-------
